 Dungeon Crawl Stone Soup version 0.19.5 (webtiles) character file.

31017 ghjk the Severer (level 13, -3/116 HPs)
             Began as a Minotaur Fighter on Apr 26, 2017.
             Was the Champion of Okawaru.
             Splashed by a brown ugly thing's acid (8 damage)
             ... on level 14 of the Dungeon.
             The game lasted 00:25:36 (15032 turns).

ghjk the Severer (Minotaur Fighter)                Turns: 15032, Time: 00:25:36

Health: -3/116     AC:  4    Str: 35    XL:     13   Next: 23%
Magic:  13/13      EV: 14    Int:  5    God:    Okawaru [******]
Gold:   400        SH:  3    Dex:  9    Spells: 0 memorised, 12 levels left

rFire  . . .     SeeInvis .     K - +0 battleaxe (flame)
rCold  . . .     Gourm    .     b - +0 scale mail
rNeg   . . .     Faith    .     (shield currently unavailable)
rPois  +         Spirit   .     t - +2 hat
rElec  .         Reflect  +     s - +2 cloak {rPois}
rCorr  .         Harm     .     (no gloves)
MR     .....                    E - +0 pair of boots
Stlth  ..........               Q - +3 amulet of reflection
                                e - +2 ring of strength
                                J - +6 ring of strength

@: corroded
A: retaliatory headbutt, horns 2
a: Heroism, Finesse, Renounce Religion


You were on level 14 of the Dungeon.
You worshipped Okawaru.
Okawaru was exalted by your worship.
You were hungry.

You visited 2 branches of the dungeon, and saw 15 of its levels.

You collected 941 gold pieces.
You spent 541 gold pieces at shops.

Inventory:

Hand Weapons
 a - a +0 war axe
 o - a +1 broad axe of freezing
 p - a +1 hand axe of flaming
 K - a +0 battleaxe of flaming (weapon)
Armour
 b - a +0 scale mail (worn)
 c - a +0 shield
 s - a +2 cloak of poison resistance (worn)
 t - a +2 hat (worn)
 E - a +0 pair of boots (worn)
Jewellery
 e - a +2 ring of strength (right hand)
 u - an uncursed ring of magical power
 y - an uncursed amulet of regeneration
 A - an uncursed ring of protection from magic {unknown}
 J - a +6 ring of strength (left hand)
 L - a +6 ring of dexterity {unknown}
 Q - a +3 amulet of reflection (around neck)
 R - an uncursed ring of fire {unknown}
 T - a cursed ring of stealth {unknown}
Wands
 I - a wand of digging (11/24)
 M - a wand of teleportation (1/9)
 O - a wand of flame (29/48)
 U - a wand of confusion (19/48)
 W - a wand of flame (39/48)
Scrolls
 d - 2 scrolls of fear
 k - 6 scrolls of remove curse
 n - 2 scrolls of enchant weapon
 B - 3 scrolls of amnesia
 D - 2 scrolls of recharging
 F - 2 scrolls of teleportation
 G - 2 scrolls of enchant armour
 V - a scroll of brand weapon
Potions
 g - 3 potions of flight {unknown}
 i - 4 potions of invisibility
 j - 7 potions of curing
 l - 2 potions of cancellation
 m - 7 potions of lignification {unknown}
 q - 5 potions of agility {unknown}
 v - 2 potions of beneficial mutation {unknown}
 w - 6 potions of degeneration {unknown}
 x - 2 potions of berserk rage {unknown}
 z - 2 potions of haste
 C - a potion of brilliance
 H - 2 potions of magic
 N - a potion of resistance
 P - 2 potions of mutation
Books
 S - a book of Callings

   Spells                             Type                      Level
   a - Summon Small Mammal            Summoning                    1
   b - Call Imp                       Summoning                    2
   c - Call Canine Familiar           Summoning                    3
   d - Summon Guardian Golem          Hexes/Summoning              3
   e - Summon Lightning Spire         Summoning/Air                4
   f - Summon Ice Beast               Ice/Summoning                4
Comestibles
 f - 7 bread rations
 h - 7 royal jellies
 r - 7 meat rations


   Skills:
 + Level 11.5 Fighting
 * Level 18.8 Axes
 + Level 11.8 Armour
 + Level 7.7 Dodging
 - Level 3.7 Shields
 + Level 1.5 Invocations


You had 12 spell levels left.
You didn't know any spells.

Dungeon Overview and Level Annotations

Branches:
Dungeon (14/15)            Temple (1/1) D:7            Lair (0/6) D:8
    Orc (0/2) D:10
 Vaults: D:13-14

Altars:
Ashenzari
Cheibriados
Dithmenos
Elyvilon
Fedhas
Gozag
Hepliaklqana
Kikubaaqudgha
Makhleb
Nemelex Xobeh
Okawaru
Qazlal
Ru
Sif Muna
Trog
Uskayaw
Vehumet
Xom
Yredelemnul
Zin
The Shining One

Shops:
D:14 !

Portals:
Trove: D:11 (give 9 potions of haste)


Innate Abilities, Weirdness & Mutations

You reflexively headbutt those who attack you in melee.
You have a pair of horns on your head.


Message History

You slash the brown ugly thing! You burn the brown ugly thing!
The brown ugly thing completely misses you.
Unknown command.
You hit the shadow imp. You burn the shadow imp.
You kill the shadow imp!
You hit the brown ugly thing but do no damage.
Unknown command.
You closely miss the worker ant. Your headbutt misses the worker ant.
You completely miss the brown ugly thing.
You block the worker ant's attack. The brown ugly thing claws you!
* * * LOW HITPOINT WARNING * * *
You are splashed with acid!
The acid burns!
* * * LOW HITPOINT WARNING * * *
Unknown command.
You barely miss the worker ant. You closely miss the brown ugly thing.
The worker ant closely misses you. You furiously retaliate!
You headbutt the worker ant! The brown ugly thing claws you!
* * * LOW HITPOINT WARNING * * *
The acid corrodes you!
You are splashed with acid!
The acid burns!
You die...

................
##+#..............
#..#..............
##..#..............
...+..............
#..#........###'##
##+###..#....#####...(#
#...5#..#....#........#
#...Ka@.'....#........#
#..).#u.#....#####....#
#..†.#..#........#....#
#..a.####........######
......# #..............
#...#.#.#
+..............
#.......#
#....####......
#...#.#.#
#....#..#......
#.......#
#....#..###'#..


You could see a brown ugly thing, a kobold demonologist, a worker ant and a
white imp.

Vanquished Creatures
  Gastronok (D:12)
  A yaktaur captain (D:12)
  A hydra (D:13)
  A centaur warrior (D:13)
  Urug (D:14)
  A skeletal warrior (D:12)
  4 unseen horrors
  A wizard (D:12)
  7 hill giants
  A wolf spider zombie (D:13)
  Pikel (D:8)
  A manticore (D:12)
  3 cyclopes (D:12)
  A deep elf mage (D:14)
  10 ugly things
  A gargoyle (D:13)
  A centaur skeleton (D:9)
  A yaktaur (D:12)
  A kobold demonologist (D:11)
  An efreet (D:12)
  3 trolls
  A queen bee (D:11)
  4 hippogriffs
  2 shadows
  A wraith (D:14)
  3 wyverns
  2 vampires
  9 yaks
  A basilisk (D:12)
  2 hungry ghosts
  A steam dragon (D:8)
  A vampire mosquito (D:11)
  A water moccasin (D:11)
  2 phantoms
  4 orc warriors
  7 ice beasts
  2 sky beasts
  A slave (D:8)
  2 black bears
  2 eyes of draining
  4 ogres
  2 necrophages
  6 centaurs
  6 bullfrogs
  3 big kobolds
  4 scorpions
  23 killer bees
  2 howler monkeys
  3 wights (D:14)
  6 crimson imps
  3 bullfrog zombies
  A quasit (D:11)
  5 centaur zombies
  8 hounds
  2 jellies (D:8)
  11 orc priests
  Crazy Yiuf (D:3)
  6 bullfrog skeletons
  Terence (D:3)
  An iguana (D:4)
  7 orc wizards
  11 worker ants
  A hound zombie (D:10)
  A worker ant zombie (D:6)
  15 adders
  2 shadow imps
  12 white imps (D:12)
  An ooze (D:1)
  An adder zombie (D:7)
  A worm (D:3)
  3 dart slugs
  5 leopard geckos
  29 orcs
  13 bats
  2 giant cockroaches
  5 goblins
  7 hobgoblins
  16 jackals
  25 kobolds
  8 quokkas
  12 frilled lizards
  A jackal skeleton (D:9)
  A leopard gecko skeleton (D:4)
  A leopard gecko zombie (D:8)
  8 rats
  A fungus (D:5)
378 creatures vanquished.

Vanquished Creatures (others)
  2 slaves (D:8)
  3 orcs (D:8)
  A kobold (D:8)
  A fungus (D:5)
7 creatures vanquished.

Grand Total: 385 creatures vanquished

Notes
Turn   | Place    | Note
-------+----------+-------------------------------------------
     0 | D:1      | ghjk the Minotaur Fighter began the quest for the Orb.
     0 | D:1      | Reached XP level 1. HP: 19/19 MP: 0/0
    90 | D:1      | Reached XP level 2. HP: 13/27 MP: 1/1
   317 | D:1      | Reached skill level 3 in Axes
   798 | D:1      | Reached XP level 3. HP: 32/33 MP: 2/2
  1095 | D:2      | Reached skill level 4 in Axes
  1432 | D:2      | Reached XP level 4. HP: 38/40 MP: 3/3
  1595 | D:2      | Reached skill level 5 in Axes
  1878 | D:2      | Reached skill level 1 in Dodging
  1910 | D:2      | Found a hazy altar of Hepliaklqana.
  2048 | D:3      | Noticed Terence
  2052 | D:3      | Killed Terence
  2052 | D:3      | Reached XP level 5. HP: 41/46 MP: 4/4
  2334 | D:3      | Found a white marble altar of Elyvilon.
  2367 | D:3      | Reached skill level 6 in Axes
  2558 | D:3      | Found a runed door.
  2795 | D:3      | Noticed Crazy Yiuf
  2799 | D:3      | Killed Crazy Yiuf
  2828 | D:4      | Reached XP level 6. HP: 46/52 MP: 5/5
  3014 | D:4      | Reached skill level 7 in Axes
  3538 | D:4      | Reached XP level 7. HP: 55/60 MP: 6/6
  3691 | D:5      | Entered Level 5 of the Dungeon
  3697 | D:5      | Reached skill level 8 in Axes
  3716 | D:5      | Reached skill level 5 in Fighting
  3716 | D:5      | Reached skill level 5 in Armour
  3746 | D:5      | Reached skill level 9 in Axes
  3883 | D:5      | Reached XP level 8. HP: 63/68 MP: 7/7
  3995 | D:5      | Reached skill level 10 in Axes
  4056 | D:5      | HP: 3/68 [steam dragon/ball of steam (15)]
  4250 | D:5      | Found a sparkling altar of Nemelex Xobeh.
  4673 | D:6      | Reached skill level 11 in Axes
  4958 | D:6      | Reached XP level 9. HP: 73/75 MP: 8/8
  5328 | D:7      | Found a staircase to the Ecumenical Temple.
  5349 | Temple   | Entered the Ecumenical Temple
  5565 | Temple   | Became a worshipper of Warmaster Okawaru
  5578 | D:7      | Found a burning altar of Makhleb.
  5668 | D:7      | Reached skill level 12 in Axes
  5965 | D:7      | Reached * piety under Okawaru
  6231 | D:8      | Found a staircase to the Lair.
  6281 | D:8      | Noticed Pikel
  6299 | D:8      | Killed Pikel
  6570 | D:8      | Noticed a hand axe
  6570 | D:8      | Noticed a dagger
  6578 | D:8      | Reached skill level 13 in Axes
  6582 | D:8      | Found a hide-covered altar of Uskayaw.
  6864 | D:9      | Found a blossoming altar of Fedhas.
  6913 | D:9      | Reached ** piety under Okawaru
  7048 | D:9      | Noticed a hill giant
  7051 | D:9      | Killed a hill giant
  7051 | D:9      | Reached XP level 10. HP: 86/86 MP: 9/9
  7163 | D:9      | Reached *** piety under Okawaru
  7213 | D:9      | Reached skill level 14 in Axes
  7307 | D:9      | Found a burning altar of Makhleb.
  7590 | D:10     | Entered Level 10 of the Dungeon
  7758 | D:10     | Reached **** piety under Okawaru
  7861 | D:10     | Found a staircase to the Orcish Mines.
  7993 | D:10     | Noticed a cyan ugly thing
  8378 | D:10     | Killed a cyan ugly thing
  8589 | D:11     | Noticed a green ugly thing
  8598 | D:11     | Killed a green ugly thing
  8633 | D:11     | Noticed a hill giant
  8642 | D:11     | Killed a hill giant
  8642 | D:11     | Reached skill level 15 in Axes
  8642 | D:11     | Reached XP level 11. HP: 26/95 MP: 10/10
  9062 | D:11     | Reached skill level 5 in Dodging
  9477 | D:11     | Found a portal to a secret trove of treasure.
  9549 | D:11     | Noticed a purple ugly thing
  9567 | D:11     | Killed a purple ugly thing
  9736 | D:12     | Killed an unseen horror
  9736 | D:12     | Reached ***** piety under Okawaru
 10079 | D:12     | Noticed Gastronok
 10098 | D:12     | Killed Gastronok
 10098 | D:12     | Received a gift from Okawaru
 10098 | D:12     | Reached skill level 10 in Armour
 10569 | D:12     | Reached skill level 10 in Fighting
 10614 | D:12     | Found Woquug's Food Shop.
 10617 | D:12     | Bought a beef jerky for 19 gold pieces
 10617 | D:12     | Bought a meat ration for 65 gold pieces
 10617 | D:12     | Bought 2 fruits for 39 gold pieces
 10617 | D:12     | Bought a bread ration for 65 gold pieces
 10617 | D:12     | Bought a meat ration for 65 gold pieces
 10617 | D:12     | Bought a bread ration for 65 gold pieces
 10617 | D:12     | Bought a slice of pizza for 19 gold pieces
 10617 | D:12     | Bought a bread ration for 65 gold pieces
 10617 | D:12     | Bought a beef jerky for 19 gold pieces
 10777 | D:12     | Reached skill level 16 in Axes
 10933 | D:12     | Noticed a hill giant
 10941 | D:12     | Killed a hill giant
 11033 | D:12     | Noticed a hill giant
 11043 | D:12     | Noticed a skeletal warrior
 11049 | D:12     | Noticed a white ugly thing
 11386 | D:12     | Killed a hill giant
 11386 | D:12     | Reached XP level 12. HP: 88/107 MP: 11/11
 12535 | D:12     | Reached skill level 1 in Invocations
 12675 | D:12     | Reached skill level 17 in Axes
 12730 | D:12     | Noticed a yaktaur captain
 12743 | D:12     | Killed a yaktaur captain
 13178 | D:13     | Noticed a four-headed hydra
 13184 | D:13     | Killed a one-headed hydra
 13184 | D:13     | Received a gift from Okawaru
 13222 | D:13     | Noticed a centaur warrior
 13233 | D:13     | Killed a centaur warrior
 13233 | D:13     | Reached ****** piety under Okawaru
 13566 | D:13     | Reached skill level 18 in Axes
 14018 | D:13     | Reached XP level 13. HP: 116/116 MP: 13/13
 14095 | D:14     | Noticed Urug
 14102 | D:14     | Killed Urug
 14102 | D:14     | Received a gift from Okawaru
 14927 | D:14     | Found Ojeiposk's Distillery.
 14941 | D:14     | Bought a potion of heal wounds for 75 gold pieces
 14941 | D:14     | Bought a potion of curing for 45 gold pieces
 15032 | D:14     | HP: 5/116 [brown ugly thing (7)]
 15032 | D:14     | Splashed by a brown ugly thing's acid

Skill      XL: |  1  2  3  4  5  6  7  8  9 10 11 12 |
---------------+-------------------------------------+-----
Axes           | 3 4 5 6 7 9 11 13 15 16 18 | 18.8
Armour         | 4 5 6 8 9 10 11 | 11.8
Fighting       | 4 5 7 8 10 11 | 11.5
Dodging        | 1 2 3 4 6 7 |  7.7
Invocations    | 1 |  1.5
Shields        | |  3.7

Action                   |  1- 3 |  4- 6 |  7- 9 | 10-12 | 13-15 || total
-------------------------+-------+-------+-------+-------+-------++-------
Melee: War axe           |   103 |    55 |       |       |       ||   158
       Headbutt          |     7 |    27 |    73 |   151 |    13 ||   271
       Hand axe          |       |   109 |   295 |   425 |       ||   829
       Battleaxe         |       |       |       |   155 |    74 ||   229
Invok: Heroism           |       |       |       |     1 |       ||     1
       Finesse           |       |       |       |     1 |       ||     1
  Use: Scroll            |       |    10 |    12 |     3 |     1 ||    26
       Potion            |       |       |     2 |     2 |     1 ||     5
  Eat: Chunk             |     1 |     5 |     7 |     6 |       ||    19
       Pizza             |       |     1 |     1 |     3 |     1 ||     6
       Fruit             |       |       |     3 |     5 |       ||     8
       Beef jerky        |       |       |     1 |     3 |       ||     4
       Royal jelly       |       |       |       |     2 |     1 ||     3
Armor: Scale mail        |    56 |    62 |    91 |   252 |    76 ||   537
Dodge: Dodged            |    32 |    61 |    74 |   190 |    44 ||   401
Block: Shield            |    65 |    89 |    93 |   201 |       ||   448
       Other             |       |       |       |       |     4 ||     4
